 Dungeon Crawl Stone Soup version 0.30-a0-322-g102857c98e (webtiles) character file.

Game seed: 11098930259781753183

13 ryw the Trooper (level 2, 25/25 HPs)
             Began as a Demonspawn Monk on Oct 28, 2022.
             Quit the game on level 1 of the Dungeon.
             The game lasted 00:00:45 (659 turns).

ryw the Trooper (Demonspawn Monk)                    Turns: 659, Time: 00:00:45

Health: 25/25      AC:  8    Str: 11    XL:     2   Next: 24%
Magic:  2/2        EV:  5    Int: 11    God:
Gold:   37         SH:  0    Dex: 15    Spells: 1/1 levels left

rFire   . . .      SeeInvis .      - Unarmed
rCold   . . .      Faith    .    (no shield)
rNeg    . . .      Spirit   .    i - +0 chain mail
rPois   .          Reflect  .    (no helmet)
rElec   .          Harm     .    (no cloak)
rCorr   .          Rampage  .    (no gloves)
Will    .....                    (no boots)
Stlth   ..........               (no amulet)
HPRegen 0.24/turn                (no ring)
MPRegen 0.08/turn                (no ring)

@: no status effects
A: demonic touch 1
a: no special abilities


You were on level 1 of the Dungeon.
You visited 1 branch of the dungeon, and saw 1 of its levels.

You collected 37 gold pieces.

Inventory:

Armour
 a - a +0 robe
 i - a +0 chain mail (worn)
Magical Staves
 f - a staff of earth
Jewellery
 h - a +4 ring of evasion
Scrolls
 c - 4 scrolls of identify {unknown}
 d - a scroll of butterflies {unknown}
 l - a scroll of enchant weapon {unknown}
 o - a scroll of amnesia {unknown}
Potions
 b - a potion of ambrosia
 e - 3 potions of haste {unknown}
 g - 2 potions of berserk rage {unknown}
 j - 2 potions of heal wounds {unknown}
 k - a potion of magic {unknown}
 m - a potion of lignification {unknown}
 n - a potion of curing {unknown}


   Skills:
 + Level 3.7 Fighting
 - Level 2.6 Dodging
 - Level 1.7 Stealth
 - Level 2.6 Unarmed Combat


You had one spell level left.
You didn't know any spells.
Your spell library was empty.

Dungeon Overview and Level Annotations

Branches:
Dungeon (1/15)

Altars:


Innate Abilities, Weirdness & Mutations

Your touch may inflict minor irresistible damage on your foes.


Message History

No target in view!
No target in view!
You open the door.
Found 8 stones.
There is an open door here.
There is an open door here.
Found a stone staircase leading down.
m - a smoky silvery potion A ball python and a frilled lizard come into view.
The ball python hisses angrily.
The frilled lizard hisses angrily.
The frilled lizard barely misses you.
You hit the frilled lizard.
You kill the frilled lizard!
You hit the ball python but do no damage.
The ball python bites you. The ball python grabs you.
The ball python constricts you.
You closely miss the ball python.
The ball python bites you but does no damage.
The ball python constricts you.
You barely miss the ball python.
The ball python bites you but does no damage.
The ball python constricts you.
You hit the ball python. Your touch misses the ball python.
The ball python is heavily wounded.
The ball python bites you but does no damage.
The ball python constricts you. The ball python bites you.
The ball python constricts you.
You hit the ball python.
You kill the ball python!
No target in view!
No target in view!
n - a golden potion
Found a leather armour.
Found a stone staircase leading down.
o - a scroll labelled FUETZU DATY You see here a +0 whip.
There is a large open door here.
Partly explored, can't reach some places.
Partly explored, can't reach some places.
Are you sure you want to abandon this character and quit the game? (Confirm with "yes".)

...# #...#.......# ...#
##..########## ...#
#...# ###≈≈≈§§≈#
#########.#.###≈≈≈≈≈≈§≈≈
##.........##≈≈≈≈≈#§≈≈
#....###.#.##≈§≈≈≈§§≈
#..#.#...#.#≈≈#≈§§§≈
##......#...#≈§≈§≈####
.#.#....#...'...@...<#
.#.#..#.###.'...§§..>#
.#.#....###.#§≈≈§§####
.#.#........#§§#≈≈≈≈≈≈
.#.###......##≈§≈≈≈≈≈≈§
##...#####..##≈≈≈≈≈#≈≈≈§
..##+#......###≈≈≈≈≈≈≈≈≈
..#....####.# ###≈≈≈≈≈≈#
.......####.############


There were no monsters in sight!

Vanquished Creatures
  A dart slug (D:1)
  A bat (D:1)
  An endoplasm (D:1)
  A goblin (D:1)
  A kobold (D:1)
  2 ball pythons (D:1)
  2 frilled lizards (D:1)
  2 rats (D:1)
11 creatures vanquished.

Notes
Turn   | Place    | Note
-------+----------+-------------------------------------------
     0 | D:1      | ryw the Demonspawn Monk began the quest for the Orb.
     0 | D:1      | Reached XP level 1. HP: 18/18 MP: 1/1
   302 | D:1      | Discovered your monstrous ancestry.
   302 | D:1      | Gained mutation: Your touch may inflict minor irresistible
                  | damage on your foes. [demonic ancestry]
   302 | D:1      | Reached XP level 2. HP: 24/24 MP: 2/2
   659 | D:1      | Quit the game

Illustrated notes

Levels and vault maps discovered:
D:1:      lightli_molten_gateway, layout_basic

Action                   || total
-------------------------++-------
Melee: Unarmed           ||    42
       Touch             ||     1
Armor: Chain mail        ||    26
       Robe              ||     1
Dodge: Dodged            ||    13

Table legend: (Time is in decaauts)
 A = Elapsed time spent in this place.
 B = Non-inter-level travel time spent in this place.
 C = Inter-level travel time spent in this place.
 D = Time resting spent in this place.
 E = Time spent auto-exploring this place.
 F = Levels seen in this place.
 G = Mean time per level.
                   A        B        C        D        E       F      G
               +--------+--------+--------+--------+--------+-----+--------+
         Total |    656 |    656 |      0 |      0 |    542 |   1 |  656.0 |
       Dungeon |    656 |    656 |      0 |      0 |    542 |   1 |  656.0 |
               +--------+--------+--------+--------+--------+-----+--------+

Top non-repeatable levels by time:
     D:1: 656 daAuts
